cohdb
Replays
Latest Replays
All Replays
Popular Replays
Top Player Replays
Match Explorer
How It Works
Community
CoH3 Stats
Reddit
Sign in to upload your games and track your stats! →
Sign in with Steam
Match 39299932
Unlisted
Match 39299932
Overview
Messages
Build Orders
End
Construct Barracks
Selects Advanced Infantry Battlegroup
Riflemen Squad
M1 Mortar Team
Riflemen Squad
Grenade Package
Construct Weapon Support Center
M1919 Machine Gun Team
Bazooka Squad
M1 Mortar Team
Construct Medical Station
Air Support Center
Selects Ammunition Storage
M3 Armored Personnel Carrier
M1918 Browning Automatic Rifles
Engineer Squad
.30 cal Machine Gun
Selects M2A1 105mm Howitzer Emplacement
Construct Tank Depot
P-47 Strafing Run
Grasshopper Recon Run
Selects Free Fire Drills
M18 Hellcat Tank Destroyer
Engineer Squad
RCXJPng
arbif99
Telling
Mael Radec
BT-7274
Ice
acu.12.aae
KentukiS
0
0
Comments
sign in to comment!
No comments posted yet!